 Dungeon Crawl Stone Soup version 0.22-a0-231-g1b571ea (webtiles) character file.

138734 packetloss the Severer (level 17, -21/163 HPs)
             Began as a Hill Orc Fighter on Feb 20, 2018.
             Was the Champion of Okawaru.
             Demolished by a dire flail of venom (23 damage)
             ... on level 2 of the Elven Halls.
             The game lasted 01:35:57 (33274 turns).

packetloss the Severer (Hill Orc Fighter)          Turns: 33274, Time: 01:35:57

Health: -21/163    AC: 19    Str: 22    XL:     17   Next: 26%
Magic:  24/24      EV: 14    Int: 12    God:    Okawaru [******]
Gold:   1019       SH:  0    Dex: 12    Spells: 9/16 levels left

rFire    + + .     SeeInvis .   a - +9 battleaxe of Victory {freeze, +Fly rF++}
rCold    . . .     Gourm    .   (shield currently unavailable)
rNeg     + . .     Faith    .   w - +3 scale mail of Insatiable Hunger {rPois Str-2 Int+4}
rPois    +         Spirit   .   o - +2 helmet
rElec    .         Reflect  .   V - scarf {cloud immunity}
rCorr    +         Harm     .   S - +0 pair of gloves
MR       ++++.     Clarity  +   c - +2 pair of boots of the Assassin {Detection Stab+ Stlth++}
Stlth    +++.......             y - amulet of the Four Winds {rN+ MR+++ Clar}
HPRegen  0.37/turn              K - ring of poison resistance {rPois, !d}
MPRegen  0.19/turn              x - ring of resist corrosion

@: lethally poisoned (-21 -> -71), about to teleport, studying Armour
A: deformed body
a: Heroism, Finesse, Renounce Religion, Evoke Flight


You were on level 2 of the Elven Halls.
You worshipped Okawaru.
Okawaru was exalted by your worship.
You were not hungry.

You visited 4 branches of the dungeon, and saw 24 of its levels.

You collected 2203 gold pieces.
You spent 1184 gold pieces at shops.

Inventory:

Hand Weapons
 a - the +9 battleaxe of Victory (weapon) {freeze, +Fly rF++}
   (Okawaru gifted it to you on level 2 of the Lair of Beasts)

   It has been specially enchanted to freeze those struck by it, causing extra
   injury to most foes and up to half again as much damage against particularly
   susceptible opponents.
   It can also slow down cold-blooded creatures.
   It greatly protects you from fire.
   It lets you fly.
 b - a +1 arbalest
   (You found it on level 1 of the Lair of Beasts)
 t - a +0 falchion of flaming
   (You took it off an orc on level 7 of the Dungeon)
 H - the +7 broad axe of Pyromania {freeze, -Tele rElec rF+++ rC-}
   (Okawaru gifted it to you on level 10 of the Dungeon)

   It has been specially enchanted to freeze those struck by it, causing extra
   injury to most foes and up to half again as much damage against particularly
   susceptible opponents.
   It can also slow down cold-blooded creatures.
   It renders you almost immune to fire.
   It makes you vulnerable to cold.
   It insulates you from electricity.
   It prevents most forms of teleportation.
Missiles
 D - 186 bolts
Armour
 c - the +2 pair of boots of the Assassin (worn) {Detection Stab+ Stlth++}
   (Okawaru gifted it to you on level 6 of the Lair of Beasts)

   It makes you much more stealthy.
 e - a scarf of spirit shield
   (You found it on level 1 of the Dungeon)
 j - the +1 leather armour "Deusoti" {rN+ MP-9 Int+2, unknown}
   (You found it on level 12 of the Dungeon)

   It affects your intelligence (+2).
   It protects you from negative energy.
   It affects your magic capacity (-9).
 o - a +2 helmet (worn)
   (You found it on level 3 of the Dungeon)
 w - the +3 scale mail of Insatiable Hunger (worn) {rPois Str-2 Int+4}
   (You bought it in a shop on level 5 of the Dungeon)

   It affects your strength (-2).
   It affects your intelligence (+4).
   It protects you from poison.
 S - a +0 pair of gloves (worn)
   (You found it on level 11 of the Dungeon)
 V - a scarf of cloud immunity (worn)
   (Okawaru gifted it to you on level 2 of the Lair of Beasts)
Jewellery
 x - a ring of resist corrosion (right hand)
   (You found it on level 14 of the Dungeon)
 y - the amulet of the Four Winds (around neck) {rN+ MR+++ Clar}
   (You found it on level 10 of the Dungeon)

   [amulet of nothing]

   It protects you from negative energy.
   It affects your resistance to hostile enchantments.
   It protects you against confusion.
 z - an uncursed ring of positive energy {rN+}
   (You took it off a kobold on level 5 of the Dungeon)
 F - an uncursed ring of protection from cold {rC+, !d}
   (You found it on level 5 of the Dungeon)
 K - a ring of poison resistance (left hand) {rPois, !d}
   (You found it on level 11 of the Dungeon)
 T - a +3 ring of strength
   (You found it on level 1 of the Lair of Beasts)
Wands
 p - a wand of random effects (48)
   (You took it off Ijyb on level 3 of the Dungeon)
 C - a wand of clouds (3)
   (You found it on level 5 of the Dungeon)
 I - a wand of digging (33)
   (You found it on level 6 of the Lair of Beasts)
 J - a wand of scattershot (5)
   (You found it on level 13 of the Dungeon)
 L - a wand of acid (23)
   (You found it on level 7 of the Dungeon)
 P - a wand of disintegration (13)
   (You found it on level 7 of the Dungeon)
 R - a wand of flame (47)
   (You found it on level 8 of the Dungeon)
 X - a wand of iceblast (4)
   (You found it on level 2 of the Lair of Beasts)
 Y - a wand of enslavement (19)
   (You found it on level 11 of the Dungeon)
Scrolls
 k - 3 scrolls of amnesia
 n - 10 scrolls of fog
 r - 4 scrolls of remove curse
 u - 5 scrolls of enchant armour
 v - 3 scrolls of teleportation
 M - a scroll of blinking {!r}
 O - a scroll of summoning
 Q - a scroll of fear
 Z - a scroll of enchant weapon
Potions
 d - 4 potions of might
 h - 13 potions of curing
 l - 6 potions of flight
 m - 2 potions of magic
 q - a potion of invisibility
 A - 3 potions of brilliance
 B - a potion of berserk rage {!q}
 E - 3 potions of agility
 G - 2 potions of haste
 N - 4 potions of cancellation
 U - 4 potions of ambrosia
 W - 2 potions of heal wounds
Books
 s - a manual of Armour {!d}
   (You found it on level 6 of the Lair of Beasts)
Miscellaneous
 g - 2 sacks of spiders
Comestibles
 f - 35 rations
 i - 3 chunks of flesh {@w0}


   Skills:
 + Level 17.8 Fighting
 + Level 1.5 Long Blades
 - Level 20.0 Axes
 + Level 7.0 Crossbows
 + Level 15.1 Armour
 + Level 7.3 Dodging
 + Level 4.5 Stealth
   Level 6.5 Shields
 * Level 9.9 Invocations
 * Level 6.7 Evocations


You had 9 spell levels left.
You knew the following spells:

 Your Spells              Type           Power        Failure   Level  Hunger
r - Regeneration          Chrm/Necr      #.........   89%         3    ####...
s - Swiftness             Chrm/Air       #.......     69%         2    ###....
S - Song of Slaying       Chrm           #.......     69%         2    ###....


Dungeon Overview and Level Annotations

Branches:
Dungeon (14/15)            Temple (0/1) D:7            Lair (6/6) D:8
 Shoals (0/4) Lair:4        Snake (0/4) Lair:4        Slime (0/5) Lair:5
    Orc (2/2) D:11            Elf (2/3) Orc:2        Vaults (0/5) D:13

Altars:
Ashenzari
Cheibriados
Dithmenos
Elyvilon
Fedhas
Gozag
Kikubaaqudgha
Makhleb
Okawaru
Qazlal
Sif Muna
Vehumet
Wu Jian
Xom
Jiyva

Shops:
D:5 [**(   D:11 ([   D:12 [   D:14 *   Orc:2 :([*

Annotations:
D:3 90%
Lair:1 Gastronok
Elf:2 3 runed doors


Innate Abilities, Weirdness & Mutations

Armour fits poorly on your strangely shaped body.


Message History

You slice the deep elf mage!! You freeze the deep elf mage.
You barely miss the deep elf mage.
The deep elf mage completely misses you.
You slice the deep elf mage!! You freeze the deep elf mage.
You kill the deep elf mage!
Okawaru accepts your kill.
Things that are here:
a long sword; a ring mail You start resting.
Eating one of 4 chunks of flesh {@w0}.
You eat one of the 4 chunks of flesh {@w0}.
Health restored: 163 You open the door.
A deep elf mage comes into view. It is wielding a short sword.
Spoiler Alert: The deep elf mage (sleeping) can cast slow!
Unknown command.
Spoiler Alert: The deep elf mage (sleeping) can cast slow!
A dancing weapon, 2 deep elf knights and a deep elf mage come into view.
There is a dire flail of venom.
The deep elf knight shouts! x2; The deep elf mage shouts! x2
There is an open door here.
Warning x2: The deep elf mage can cast slow! x2
Unknown command.
The deep elf knight casts a spell at you.
The shard of ice hits you!
The deep elf knight hits you with a scimitar!
The deep elf mage hits you but does no damage.
You take 30 damage, and have 133/163 hp.
Unknown command.
Warning x2: The deep elf mage can cast slow! x2
You closely miss the deep elf knight. You barely miss the deep elf knight.
You slice the deep elf mage!! You freeze the deep elf mage.
The dire flail of venom misses you.
The deep elf knight mumbles some strange words.
The deep elf knight seems to speed up.
Unknown command.
Warning x2: The deep elf mage can cast slow! x2
You slice the deep elf knight!! You freeze the deep elf knight!
You kill the deep elf knight!
Okawaru accepts your kill.
You slash the deep elf knight! You freeze the deep elf knight.
You hit the dire flail of venom. You slice the deep elf mage!!
You freeze the deep elf mage.
You kill the deep elf mage!
Okawaru accepts your kill. The dire flail of venom hits you!
The deep elf knight hits you but does no damage.
Spoiler Alert: The deep elf mage can cast slow!
You take 7 damage, and have 126/163 hp.
Unknown command.
You miss the deep elf knight.
You hit the dire flail of venom but do no damage.
The deep elf mage casts a spell.
The deep elf mage blinks!
The dire flail of venom hits you but does no damage.
The deep elf knight barely misses you.
Spoiler Alert: The deep elf mage can cast slow!
Unknown command.
Unknown command.
You hit the dire flail of venom. You slash the deep elf knight!
You freeze the deep elf knight. The dire flail of venom hits you!
You are poisoned.
You take 8 damage, and have 118/163 hp.
Unknown command.
Spoiler Alert: The deep elf mage can cast slow!
You barely miss the deep elf knight. You slash the dire flail of venom!
You miss the deep elf mage.
You feel sick.
The deep elf knight gestures at you while chanting.
The shard of ice hits you! The dire flail of venom hits you!!
* * * LOW HITPOINT WARNING * * *
You take 70 damage, and have 48/163 hp.
MASSIVE DAMAGE!!
Unknown command.
Spoiler Alert: The deep elf mage can cast slow!
You slice the deep elf knight!! You freeze the deep elf knight!
You kill the deep elf knight!
Okawaru accepts your kill.
You closely miss the deep elf mage.
You hit the dire flail of venom but do no damage.
You feel sick. The deep elf mage barely misses you.
The dire flail of venom hits you!
* * * LOW HITPOINT WARNING * * *
You are more poisoned.
Spoiler Alert: The deep elf mage can cast slow!
You take 18 damage, and have 30/163 hp.
You feel sick.
Things that are here:
a long sword; an elf corpse You take 2 damage, and have 28/163 hp.
Unknown command.
Spoiler Alert: The deep elf mage can cast slow!
Unknown command.
As you read the scroll of teleportation, it crumbles to dust.
You feel strangely unstable.
You feel sick. The dire flail of venom hits you!!
* * * LOW HITPOINT WARNING * * *
You are more poisoned.
The deep elf mage hits you but does no damage.
The dire flail of venom hits you!!
You die...

...# !...........
...# ............
...# #######..####
...#{ #.....#..#...
...# #.....#..#...
...# #.....#..#...
...# #.....#).#...
...# #.()..#..#...
...# #.e@..#..#...
...#..#'#####..####
...#..)............
...#..............)
...#..##+##########
...#.. .....
...#..#.......
...#..#..###+##
...#..#..#


You could see a deep elf mage and a dire flail of venom.

Vanquished Creatures
  Nikola (Elf:1)
  Asterion (Elf:1)
  2 orc warlords (Orc:2)
  2 deep elf demonologists (Elf:1)
  2 entropy weavers (Lair:5)
  Azrael (Elf:1)
  A deep elf annihilator (Elf:1)
  The ghost of holliwood the Warrior, a journeyman OgBe of Trog (D:12)
  4 dire elephants (Lair:6)
  4 vault guards (D:13)
  A deep elf high priest (Elf:1)
  Erolcha (Orc:2)
  3 hydras
  An anaconda (Lair:6)
  6 two-headed ogres
  A queen ant (Lair:5)
  18 dancing weapons
  15 death yaks
  6 orc high priests (Orc:2)
  Urug (Lair:2)
  Nergalle (Lair:3)
  14 deep elf knights
  7 deep elf archers
  Pikel (D:6)
  8 orc knights
  7 ugly things
  36 deep elf magi
  2 orc sorcerers (Orc:2)
  2 manticores (D:13)
  3 cyclopes
  15 elephants
  2 black mambas (Lair:6)
  A merfolk siren (Lair:4)
  2 centaur zombies
  A torpor snail (Lair:2)
  3 gargoyles
  9 spiny frogs
  5 kobold demonologists
  3 rime drakes
  A komodo dragon (Lair:6)
  9 trolls
  2 hornets
  Grinder (D:5)
  17 blink frogs
  3 slime creatures (D:13)
  7 hippogriffs
  An air elemental (Elf:1)
  10 dream sheep (Lair:5)
  A hippogriff (shapeshifter) (D:14)
  2 water elementals (Elf:2)
  38 yaks
  Sigmund (D:5)
  5 wyverns
  3 basilisks
  6 fire elementals (Elf:1)
  A hog (shapeshifter) (D:13)
  7 wargs (Orc:2)
  3 vampire mosquitoes (D:13)
  3 hungry ghosts
  27 soldier ants (Lair:5)
  12 water moccasins
  2 acid dragons
  2 nagas (Lair:4)
  2 hell hounds (Elf:1)
  9 porcupines
  40 orc warriors
  2 phantoms
  2 black bears
  4 sky beasts
  3 slaves (D:6)
  6 wolves (Lair:6)
  An eye of draining (D:13)
  3 ice beasts (D:7)
  A necrophage (D:9)
  17 ogres
  6 centaurs
  5 crocodiles
  5 big kobolds
  12 bullfrogs
  Blork the orc (D:4)
  4 earth elementals
  3 scorpions
  4 killer bees (D:9)
  4 wights (D:11)
  3 electric eels
  2 howler monkeys
  7 crimson imps
  2 hounds
  A quasit (D:7)
  7 jellies
  7 centaur skeletons
  20 orc priests
  A hound (shapeshifter) (Elf:1)
  5 bullfrog skeletons
  27 orc wizards
  Ijyb (D:3)
  6 iguanas
  A hell rat (D:7)
  25 worker ants
  A killer bee zombie (D:8)
  2 human simulacra (D:14)
  3 worker ant zombies
  12 adders
  3 river rats (D:8)
  4 shadow imps
  An ooze (D:2)
  An adder skeleton (D:9)
  4 worms
  7 dart slugs
  4 leopard geckos
  72 orcs
  16 bats
  4 giant cockroaches
  12 goblins
  7 hobgoblins
  13 jackals
  7 quokkas
  7 frilled lizards
  A jackal zombie (D:9)
  15 kobolds
  A leopard gecko zombie (D:7)
  7 rats
  4 fungi
  5 plants
820 creatures vanquished.

Vanquished Creatures (others)
  A deep elf mage (Elf:1)
  A bat (D:1)
  30 fungi
  14 plants
46 creatures vanquished.

Grand Total: 866 creatures vanquished

Notes
Turn   | Place    | Note
-------+----------+-------------------------------------------
     0 | D:1      | packetloss the Hill Orc Fighter began the quest for the Orb.
     0 | D:1      | Reached XP level 1. HP: 19/19 MP: 1/1
   169 | D:1      | Reached skill level 3 in Axes
   171 | D:1      | Reached XP level 2. HP: 25/27 MP: 2/2
   411 | D:1      | Reached XP level 3. HP: 33/33 MP: 3/3
   838 | D:2      | Reached skill level 4 in Fighting
   981 | D:2      | Reached skill level 1 in Dodging
   981 | D:2      | Reached XP level 4. HP: 39/40 MP: 4/4
  1122 | D:2      | Reached skill level 4 in Axes
  1254 | D:2      | Found a shadowy altar of Dithmenos.
  1440 | D:3      | Noticed a bullfrog
  1454 | D:3      | Killed a bullfrog
  1454 | D:3      | Reached XP level 5. HP: 21/47 MP: 5/5
  1457 | D:3      | Reached skill level 4 in Shields
  1630 | D:3      | Noticed a hippogriff
  1631 | D:3      | Reached skill level 4 in Armour
  1708 | D:3      | Noticed Ijyb
  1729 | D:3      | Killed Ijyb
  1857 | D:3      | Reached skill level 5 in Axes
  1862 | D:3      | Reached XP level 6. HP: 16/53 MP: 6/6
  1866 | D:3      | HP: 12/53 [goblin/stone (3)]
  1872 | D:3      | HP: 12/53 [orc/trident (1)]
  2500 | D:3      | Found a shattered altar of Ashenzari.
  2558 | D:3      | Found an ornate altar of the Wu Jian Council.
  3142 | D:4      | Found an opulent altar of Gozag.
  3265 | D:4      | Reached skill level 5 in Fighting
  3270 | D:4      | Reached skill level 2 in Dodging
  3328 | D:4      | Noticed Blork the orc
  3370 | D:4      | Noticed a phantom
  3402 | D:4      | Killed a phantom
  3402 | D:4      | Reached skill level 6 in Axes
  3402 | D:4      | Reached XP level 7. HP: 53/61 MP: 7/7
  3603 | D:4      | Killed Blork the orc
  3819 | D:4      | Found a shimmering altar of Xom.
  3883 | D:5      | Entered Level 5 of the Dungeon
  4175 | D:5      | Found Letyrgh's Antique Armour Boutique.
  4183 | D:5      | Bought a steaming scale mail for 234 gold pieces
  4224 | D:5      | Identified the +3 scale mail of Insatiable Hunger {rPois Str-2 Int+4} (You bought it in a shop on level 5 of the Dungeon)
  4226 | D:5      | Noticed Sigmund
  4291 | D:5      | Found a stormy altar of Qazlal.
  4315 | D:5      | Reached skill level 7 in Axes
  4315 | D:5      | Reached skill level 5 in Armour
  4400 | D:5      | Reached skill level 5 in Shields
  4494 | D:5      | Found Qutuuna's General Store.
  4522 | D:5      | Noticed Grinder
  4535 | D:5      | Killed Grinder
  4535 | D:5      | Reached XP level 8. HP: 63/70 MP: 6/8
  4543 | D:5      | Killed Sigmund
  4772 | D:5      | Found Kogaaf's Weapon Shoppe.
  4784 | D:5      | Found Idurav's General Store.
  4787 | D:5      | Reached skill level 6 in Fighting
  4835 | D:5      | Found an iron altar of Okawaru.
  4835 | D:5      | Found a radiant altar of Vehumet.
  4840 | D:5      | Became a worshipper of Warmaster Okawaru
  4909 | D:5      | Found a blossoming altar of Fedhas.
  4910 | D:5      | Found a deep blue altar of Sif Muna.
  5208 | D:6      | Reached skill level 8 in Axes
  5233 | D:6      | Reached skill level 3 in Dodging
  5561 | D:6      | Noticed Pikel
  5617 | D:6      | Killed Pikel
  5617 | D:6      | Reached * piety under Okawaru
  5617 | D:6      | Reached skill level 9 in Axes
  5617 | D:6      | Reached skill level 6 in Armour
  5617 | D:6      | Reached skill level 6 in Shields
  5617 | D:6      | Reached XP level 9. HP: 78/78 MP: 9/9
  5921 | D:7      | Found a snail-covered altar of Cheibriados.
  6005 | D:7      | Found a white marble altar of Elyvilon.
  6015 | D:7      | Reached skill level 7 in Fighting
  6102 | D:7      | Found a staircase to the Ecumenical Temple.
  6171 | D:7      | Reached ** piety under Okawaru
  6171 | D:7      | Reached skill level 10 in Axes
  6171 | D:7      | Reached skill level 1 in Invocations
  6793 | D:8      | Reached skill level 2 in Invocations
  6870 | D:8      | Reached skill level 4 in Dodging
  7377 | D:8      | Reached skill level 8 in Fighting
  7377 | D:8      | Reached XP level 10. HP: 88/88 MP: 12/12
  7399 | D:8      | Reached skill level 3 in Invocations
  7455 | D:8      | Noticed a two-headed ogre
  7474 | D:8      | Killed a two-headed ogre
  7474 | D:8      | Reached *** piety under Okawaru
  7474 | D:8      | Reached skill level 11 in Axes
  7474 | D:8      | Reached skill level 7 in Armour
  7744 | D:8      | Found a staircase to the Lair.
  7745 | D:8      | Noticed a death yak
  7747 | D:8      | Noticed a death yak
  7964 | D:8      | Noticed a death yak
  8294 | D:8      | Reached skill level 4 in Invocations
  8326 | Lair:1   | Entered Level 1 of the Lair of Beasts
  8507 | D:8      | Reached **** piety under Okawaru
  9240 | Lair:1   | Reached skill level 12 in Axes
  9240 | Lair:1   | Reached skill level 5 in Invocations
  9248 | Lair:1   | Reached skill level 9 in Fighting
  9440 | Lair:1   | Got a fine chain mail
  9512 | Lair:1   | Reached skill level 1 in Stealth
  9514 | Lair:1   | Reached skill level 8 in Armour
  9544 | Lair:1   | Reached XP level 11. HP: 41/97 MP: 7/15
 10078 | Lair:1   | Noticed Gastronok
 10149 | Lair:1   | HP: 23/97 [blink frog (12)]
 10151 | Lair:1   | Reached skill level 6 in Invocations
 10151 | Lair:1   | HP: 11/97 [blink frog (11)]
 10155 | Lair:1   | HP: 4/97 [blink frog (8)]
 11023 | Lair:2   | Reached ***** piety under Okawaru
 11032 | Lair:2   | Identified a scroll of acquirement
 11033 | Lair:2   | Got a scorched executioner's axe
 11040 | Lair:2   | Identified the +0 executioner's axe "Bowna" {antimagic, rN+} (You acquired it on level 2 of the Lair of Beasts)
 11052 | Lair:2   | Identified the cursed +1 chain mail of Uvisukh {rC+ Str+3} (You found it on level 1 of the Lair of Beasts)
 11108 | Lair:2   | Noticed Urug
 11218 | Lair:2   | Reached skill level 13 in Axes
 11218 | Lair:2   | Reached skill level 9 in Armour
 11320 | Lair:1   | Reached skill level 5 in Dodging
 11613 | Lair:1   | Reached skill level 7 in Invocations
 11933 | Lair:2   | Received a gift from Okawaru
 11948 | Lair:2   | Reached skill level 10 in Fighting
 11952 | Lair:2   | Got a crude battleaxe {god gift}
 12184 | Lair:1   | Identified the +9 battleaxe of Victory {freeze, +Fly rF++} (Okawaru gifted it to you on level 2 of the Lair of Beasts)
 12279 | Lair:2   | Noticed a death yak
 12316 | Lair:2   | Killed a death yak
 12435 | Lair:2   | Found a burning altar of Makhleb.
 12608 | Lair:2   | Reached skill level 8 in Invocations
 12731 | Lair:2   | Reached XP level 12. HP: 102/106 MP: 16/18
 12733 | Lair:2   | Reached skill level 14 in Axes
 12738 | Lair:2   | Received a gift from Okawaru
 13005 | Lair:2   | Killed Urug
 13005 | Lair:2   | Reached skill level 10 in Armour
 13356 | Lair:3   | Reached skill level 9 in Invocations
 13618 | Lair:3   | Noticed a death yak
 13628 | Lair:3   | Killed a death yak
 13628 | Lair:3   | Reached skill level 15 in Axes
 13762 | Lair:3   | Noticed Nergalle
 13766 | Lair:3   | Killed Nergalle
 14144 | Lair:4   | Noticed a four-headed hydra
 14164 | Lair:4   | Noticed a death yak
 14164 | Lair:4   | Noticed a death yak
 14164 | Lair:4   | Noticed a death yak
 14166 | Lair:4   | Noticed a death yak
 14168 | Lair:4   | Noticed a death yak
 14176 | Lair:3   | Killed a death yak
 14176 | Lair:3   | Reached skill level 11 in Fighting
 14177 | Lair:3   | Killed a death yak
 14188 | Lair:3   | HP: 27/110 [poisoned by a spiny frog]
 14194 | Lair:3   | HP: 25/110 [poisoned by a spiny frog]
 14201 | Lair:3   | HP: 24/110 [poisoned by a spiny frog]
 14208 | Lair:3   | HP: 24/110 [poisoned by a spiny frog]
 14216 | Lair:3   | HP: 24/110 [poisoned by a spiny frog]
 14649 | Lair:4   | Killed a death yak
 14657 | Lair:4   | Killed a death yak
 14661 | Lair:4   | Killed a death yak
 14926 | Lair:4   | Reached skill level 16 in Axes
 14999 | Lair:4   | Found a staircase to the Shoals.
 15044 | Lair:4   | Reached XP level 13. HP: 98/116 MP: 16/19
 15047 | Lair:4   | Reached ****** piety under Okawaru
 15217 | Lair:4   | Found a staircase to the Snake Pit.
 15730 | Lair:5   | Reached skill level 1 in Crossbows
 15731 | Lair:5   | Reached skill level 11 in Armour
 15746 | Lair:5   | HP: 29/117 [soldier ant (4)]
 15751 | Lair:5   | HP: 23/117 [poisoned by a soldier ant]
 15756 | Lair:5   | HP: 17/117 [poisoned by a soldier ant]
 15761 | Lair:5   | HP: 15/117 [poisoned by a soldier ant]
 15766 | Lair:5   | HP: 13/117 [poisoned by a soldier ant]
 15772 | Lair:5   | HP: 12/117 [poisoned by a soldier ant]
 15779 | Lair:4   | HP: 12/117 [poisoned by a soldier ant]
 15787 | Lair:4   | HP: 12/117 [poisoned by a soldier ant]
 16227 | Lair:5   | Received a gift from Okawaru
 16253 | Lair:5   | Noticed an entropy weaver
 16655 | Lair:5   | Noticed an entropy weaver
 16702 | Lair:5   | Found a staircase to the Slime Pits.
 16702 | Lair:5   | Found a viscous altar of Jiyva.
 16843 | Lair:5   | Reached skill level 17 in Axes
 16848 | Lair:5   | Reached skill level 2 in Crossbows
 16850 | Lair:5   | Reached skill level 12 in Fighting
 16915 | Lair:5   | Reached skill level 3 in Crossbows
 16934 | Lair:5   | Killed an entropy weaver
 16937 | Lair:5   | HP: 23/118 [death yak (18)]
 16963 | Lair:5   | HP: 10/118 [death yak (17)]
 16990 | Lair:5   | HP: 16/118 [death yak (2)]
 16997 | Lair:4   | HP: 11/118 [death yak (7)]
 17383 | Lair:5   | Killed an entropy weaver
 17998 | Lair:6   | Entered Level 6 of the Lair of Beasts
 18068 | Lair:6   | Reached skill level 4 in Crossbows
 18134 | Lair:6   | Received a gift from Okawaru
 18138 | Lair:6   | Reached XP level 14. HP: 120/127 MP: 18/20
 18290 | D:8      | Reached skill level 18 in Axes
 18595 | Lair:6   | HP: 31/127 [poisoned by a spiny frog]
 18601 | Lair:6   | HP: 29/127 [poisoned by a spiny frog]
 18607 | Lair:6   | HP: 28/127 [poisoned by a spiny frog]
 18612 | Lair:6   | HP: 27/127 [poisoned by a spiny frog]
 18620 | Lair:6   | HP: 28/127 [poisoned by a spiny frog]
 18978 | Lair:6   | Received a gift from Okawaru
 18979 | Lair:6   | Found the +2 pair of boots of the Assassin {Detection Stab+ Stlth++}
 19073 | Lair:6   | Reached skill level 1 in Long Blades
 19085 | Lair:6   | HP: 31/127 [poisoned by a black mamba]
 19090 | Lair:6   | HP: 29/127 [poisoned by a black mamba]
 19096 | Lair:6   | HP: 27/127 [poisoned by a black mamba]
 19101 | Lair:6   | HP: 26/127 [poisoned by a black mamba]
 19108 | Lair:6   | HP: 26/127 [poisoned by a black mamba]
 19116 | Lair:6   | HP: 27/127 [poisoned by a black mamba]
 20109 | Lair:6   | Noticed a dire elephant
 20187 | Lair:6   | Killed a dire elephant
 20187 | Lair:6   | Reached skill level 5 in Crossbows
 20260 | Lair:6   | Noticed a dire elephant
 20271 | Lair:6   | Killed a dire elephant
 20271 | Lair:6   | Reached skill level 13 in Fighting
 20462 | Lair:6   | Noticed a dire elephant
 20476 | Lair:6   | Killed a dire elephant
 20476 | Lair:6   | Reached skill level 12 in Armour
 20707 | Lair:6   | Noticed a dire elephant
 20711 | Lair:6   | Killed a dire elephant
 21055 | D:9      | Found a burning altar of Makhleb.
 21066 | D:9      | Got a tattered robe
 21770 | D:10     | Entered Level 10 of the Dungeon
 21780 | D:10     | Reached skill level 19 in Axes
 21789 | D:10     | Received a gift from Okawaru
 21814 | D:10     | Got a fine broad axe {god gift}
 21821 | D:10     | Identified the +7 broad axe of Pyromania {freeze, -Tele rElec rF+++ rC-} (Okawaru gifted it to you on level 10 of the Dungeon)
 21887 | D:10     | Found the amulet of the Four Winds {rN+ MR+++ Clar}
 22151 | D:10     | Found an ancient bone altar of Kikubaaqudgha.
 22664 | D:11     | Identified the +1 robe of the Trout {Dex+2} (You found it on level 9 of the Dungeon)
 22772 | D:11     | Found a deep blue altar of Sif Muna.
 22878 | D:11     | Found Leesmonovo's Armour Emporium.
 22885 | D:11     | Found a staircase to the Orcish Mines.
 22904 | D:11     | Found Himm's Weapon Emporium.
 22962 | D:11     | Reached skill level 6 in Crossbows
 23331 | D:12     | Found Soq Zus's Antique Armour Emporium.
 23419 | D:12     | Received a gift from Okawaru
 23419 | D:12     | Reached skill level 2 in Stealth
 23419 | D:12     | Reached XP level 15. HP: 122/136 MP: 18/21
 23626 | D:12     | Got a smoking leather armour
 23676 | D:12     | Noticed holliwood's ghost (journeyman OgBe)
 23684 | D:12     | Killed holliwood's ghost
 24136 | D:13     | Found a gate to the Vaults.
 24401 | D:13     | Reached skill level 20 in Axes
 24716 | D:13     | Reached skill level 14 in Fighting
 24896 | D:13     | Reached skill level 13 in Armour
 25479 | D:14     | Received a gift from Okawaru
 25933 | D:14     | Found Kiumpec's General Store.
 25939 | D:14     | Bought a cursed amulet of inaccuracy for 30 gold pieces
 25942 | D:14     | Bought a scroll of holy word for 112 gold pieces
 25942 | D:14     | Bought a book of Battle for 600 gold pieces
 25946 | D:14     | Learned a level 3 spell: Regeneration
 26011 | D:14     | Reached skill level 6 in Dodging
 26178 | D:14     | Identified the +1 hunting sling of a bailey {flame, SInv Stlth+} (You found it on level 14 of the Dungeon)
 26364 | Orc:1    | Entered Level 1 of the Orcish Mines
 26540 | Orc:1    | HP: 34/139 [orc warrior/glaive[an orc knight] (2)]
 27439 | Orc:2    | Entered Level 2 of the Orcish Mines
 27448 | Orc:2    | Found a staircase to the Elven Halls.
 27476 | Orc:2    | Reached skill level 3 in Stealth
 27495 | Orc:2    | Received a gift from Okawaru
 27518 | Orc:2    | Reached skill level 15 in Fighting
 27659 | Orc:2    | Learned a level 2 spell: Swiftness
 27662 | Orc:2    | Learned a level 2 spell: Song of Slaying
 27665 | Orc:2    | Found Toruf's Antique Weapon Emporium.
 27674 | Orc:2    | Noticed an orc warlord
 27674 | Orc:2    | Reached skill level 1 in Evocations
 28047 | Orc:2    | Killed an orc warlord
 28047 | Orc:2    | Reached skill level 2 in Evocations
 28071 | Orc:2    | Found Sots's Book Emporium.
 28083 | Orc:2    | Received a gift from Okawaru
 28298 | Orc:2    | Bought a polished hunting sling for 208 gold pieces
 28298 | Orc:2    | Identified the cursed +2 hunting sling of Caliluk {freeze, +Blink rF+ rC++ Str+3} (You bought it in a shop on level 2 of the Orcish Mines)
 28692 | Orc:2    | Noticed an orc warlord
 28709 | Orc:2    | Killed an orc warlord
 28730 | Orc:2    | Found Ponietit's Antique Armour Shop.
 28734 | Orc:2    | Reached skill level 3 in Evocations
 28747 | Orc:2    | Noticed Erolcha
 28764 | Orc:2    | Killed Erolcha
 28764 | Orc:2    | Reached XP level 16. HP: 114/150 MP: 22/22
 28891 | Orc:2    | Found Jenizaz's General Store.
 28915 | Orc:2    | Gained mutation: Armour fits poorly on your strangely shaped body. [a neqoxec]
 29169 | Elf:1    | Entered Level 1 of the Elven Halls
 29455 | Elf:1    | Reached skill level 16 in Fighting
 29455 | Elf:1    | Reached skill level 14 in Armour
 29606 | Elf:1    | Noticed Azrael
 29615 | Elf:1    | Killed Azrael
 29615 | Elf:1    | Reached skill level 4 in Stealth
 29615 | Elf:1    | Reached skill level 4 in Evocations
 29921 | Elf:1    | Noticed Asterion
 29944 | Elf:1    | Killed Asterion
 30046 | Elf:1    | Received a gift from Okawaru
 30336 | Elf:1    | Received a gift from Okawaru
 30345 | Elf:1    | Noticed Nikola
 30367 | Elf:1    | Killed Nikola
 30367 | Elf:1    | Reached skill level 5 in Evocations
 31638 | Elf:1    | Reached skill level 17 in Fighting
 32280 | Elf:2    | Found a runed gate.
 32324 | Elf:2    | Reached skill level 7 in Dodging
 32502 | Elf:2    | Reached skill level 6 in Evocations
 32502 | Elf:2    | Reached XP level 17. HP: 114/161 MP: 24/24
 32660 | Elf:2    | Received a gift from Okawaru
 32961 | Elf:2    | Found a runed gate.
 32962 | Elf:2    | Found a runed gate.
 33041 | Elf:2    | Reached skill level 7 in Crossbows
 33044 | Elf:2    | Reached skill level 15 in Armour
 33272 | Elf:2    | HP: 30/163 [dire flail of venom (17)]
 33274 | Elf:2    | HP: 2/163 [dire flail of venom (25)]
 33274 | Elf:2    | Demolished by a dire flail of venom

Vault maps used:
D:1:      ncdulo_watergridlock, minmay_tiny_reverse_x
D:2:      grunt_dithmenos_smoke, first_ration
D:3:      kennysheep_goblin_castle, evilmike_ruin_ashenzari,
          nicolae_overflow_hidden_temple, uniq_ijyb
D:4:      xom_teletrap_fun, lemuel_doored_altar, uniq_blork_the_orc, uniq_robin
D:5:      nicolae_qazlal_eye_of_the_storm, gammafunk_temple_overflow_elements,
          gammafunk_temple_overflow_statue, serial_shops, shop,
          nicolae_shop_behind_doors, shop, shop_statue, uniq_grinder,
          uniq_sigmund
D:6:      uniq_pikel
D:7:      kennysheep_mini_moat, old_standard_altar, minmay_temple_entry_mist
D:8:      dpeg_lair_monsters
D:9:      bloody_makhleb, blue_anna_alchemist, grunt_ministairs_11
D:10:     basic_altar
D:11:     orc_david_3, tgw_sif
D:12:     serial_shops, nicolae_shop_waterfront
D:13:     lightli_vaults_fourway_checkpoint, serial_bayou_ford_a
D:14:     serial_shops, shop, bh_circular_ruins
Lair:1:   uniq_gastronok
Lair:2:   enter_volcano_1, lemuel_centaur_altar, uniq_urug
Lair:3:   st_stairs_9, beast_lair_carwin_3, serial_bayou_shore_a, uniq_nergalle
Lair:4:   minmay_shoals_entry_lonely_mermaid, guppyfry_snake_entry_garden,
          beast_lair_carwin_10
Lair:5:   slime_altar_1, minivault_29, grunt_megastairs_3
Lair:6:   due_jungle_book
Orc:1:    roderic_batcave
Orc:2:    grunt_orc_gardens, grunt_orc_garden, grunt_orc_garden,
          grunt_orc_garden, grunt_orc_garden, uniq_erolcha
Elf:1:    elf_arrival_001, hangedman_elven_crosses_minicolossus,
          grunt_megastairs_4, uniq_azrael, uniq_nikola, uniq_asterion

Skill      XL: |  1  2  3  4  5  6  7  8  9 10 11 12 13 14 15 16 17 |
---------------+----------------------------------------------------+-----
Axes           | 3 4 5 6 7 9 10 12 13 16 17 19 20 | 20.0
Fighting       | 4 5 6 8 9 10 11 12 13 15 17 | 17.8
Dodging        | 1 2 3 4 5 6 7 |  7.3
Shields        | 4 5 6 |  6.5
Armour         | 4 5 6 8 9 10 11 12 13 14 15 | 15.1
Invocations    | 2 5 8 9 |  9.9
Stealth        | 1 2 3 4 |  4.5
Crossbows      | 4 6 7 |  7.0
Long Blades    | 1 |  1.5
Evocations     | 3 6 |  6.7

Action                   |  1- 3 |  4- 6 |  7- 9 | 10-12 | 13-15 | 16-18 || total
-------------------------+-------+-------+-------+-------+-------+-------++-------
Melee: War axe           |   116 |   238 |   334 |   386 |       |       ||  1074
       Battleaxe         |       |       |       |   131 |   931 |   301 ||  1363
       Falchion          |       |       |       |       |    15 |       ||    15
       Broad axe         |       |       |       |       |    10 |    14 ||    24
 Fire: Arbalest          |       |       |       |       |    11 |    18 ||    29
Invok: Heroism           |       |       |       |       |     2 |     1 ||     3
       Finesse           |       |       |       |       |     2 |     1 ||     3
Evoke: Wand              |       |     1 |     2 |     2 |     5 |       ||    10
  Use: Potion            |       |       |     2 |       |       |       ||     2
       Scroll            |       |       |     2 |    13 |    17 |     4 ||    36
 Stab: Confused          |       |       |     1 |       |       |       ||     1
       Distracted        |       |       |       |     1 |     2 |       ||     3
       Sleeping          |       |       |       |       |     9 |     3 ||    12
  Eat: Chunk             |       |     9 |     6 |    18 |    33 |    11 ||    77
       Ration            |       |       |     2 |     2 |     4 |     1 ||     9
Armor: Scale mail        |    50 |   110 |   142 |   108 |   127 |   114 ||   651
       Chain mail        |       |       |       |   135 |   214 |       ||   349
Dodge: Dodged            |    42 |    68 |   106 |   196 |   403 |   107 ||   922
Block: Shield            |    63 |   116 |   138 |   228 |       |       ||   545
       Rpst.: Falchion   |       |       |       |       |     1 |       ||     1

Table legend:
 A = Spawn XP
 B = Non-spawn XP
 C = Spawn XP percentage of total XP
 D = Spawn monster count
 E = Non-spawn monster count
 F = Spawn count percentage of total count
 G = Total turns spent on level
                    A         B        C        D         E        F      G
               +---------+---------+-------+---------+---------+-------+---------
         Total |       0 |  198192 |   0.0 |       0 |     810 |   0.0 | 33274
               +---------+---------+-------+---------+---------+-------+---------
           D:1 |       0 |      46 |   0.0 |       0 |      24 |   0.0 |   728
           D:2 |       0 |      67 |   0.0 |       0 |      23 |   0.0 |   728
           D:3 |       0 |     306 |   0.0 |       0 |      37 |   0.0 |  1282
           D:4 |       0 |     512 |   0.0 |       0 |      19 |   0.0 |  1191
           D:5 |       0 |     736 |   0.0 |       0 |      14 |   0.0 |  1190
           D:6 |       0 |    1189 |   0.0 |       0 |      16 |   0.0 |   785
           D:7 |       0 |    1152 |   0.0 |       0 |      19 |   0.0 |  1214
           D:8 |       0 |    4728 |   0.0 |       0 |      31 |   0.0 |  1869
           D:9 |       0 |    4169 |   0.0 |       0 |      31 |   0.0 |   715
          D:10 |       0 |    5450 |   0.0 |       0 |      35 |   0.0 |   667
          D:11 |       0 |    4933 |   0.0 |       0 |      55 |   0.0 |  1398
          D:12 |       0 |    3559 |   0.0 |       0 |      13 |   0.0 |   935
          D:13 |       0 |   12250 |   0.0 |       0 |      35 |   0.0 |  1284
          D:14 |       0 |    6772 |   0.0 |       0 |      24 |   0.0 |   834
        Lair:1 |       0 |    5498 |   0.0 |       0 |      26 |   0.0 |  2812
        Lair:2 |       0 |    9552 |   0.0 |       0 |      26 |   0.0 |  1688
        Lair:3 |       0 |    6232 |   0.0 |       0 |      18 |   0.0 |  1320
        Lair:4 |       0 |    6130 |   0.0 |       0 |      15 |   0.0 |  1950
        Lair:5 |       0 |   18714 |   0.0 |       0 |      73 |   0.0 |  1751
        Lair:6 |       0 |   16670 |   0.0 |       0 |      45 |   0.0 |  2547
         Orc:1 |       0 |    2962 |   0.0 |       0 |      48 |   0.0 |   836
         Orc:2 |       0 |   20480 |   0.0 |       0 |      85 |   0.0 |  1515
         Elf:1 |       0 |   39584 |   0.0 |       0 |      58 |   0.0 |  2926
         Elf:2 |       0 |   26501 |   0.0 |       0 |      40 |   0.0 |  1109
               +---------+---------+-------+---------+---------+-------+---------

Vault maps used:
D:1:      ncdulo_watergridlock, minmay_tiny_reverse_x
D:2:      grunt_dithmenos_smoke, first_ration
D:3:      kennysheep_goblin_castle, evilmike_ruin_ashenzari,
          nicolae_overflow_hidden_temple, uniq_ijyb
D:4:      xom_teletrap_fun, lemuel_doored_altar, uniq_blork_the_orc, uniq_robin
D:5:      nicolae_qazlal_eye_of_the_storm, gammafunk_temple_overflow_elements,
          gammafunk_temple_overflow_statue, serial_shops, shop,
          nicolae_shop_behind_doors, shop, shop_statue, uniq_grinder,
          uniq_sigmund
D:6:      uniq_pikel
D:7:      kennysheep_mini_moat, old_standard_altar, minmay_temple_entry_mist
D:8:      dpeg_lair_monsters
D:9:      bloody_makhleb, blue_anna_alchemist, grunt_ministairs_11
D:10:     basic_altar
D:11:     orc_david_3, tgw_sif
D:12:     serial_shops, nicolae_shop_waterfront
D:13:     lightli_vaults_fourway_checkpoint, serial_bayou_ford_a
D:14:     serial_shops, shop, bh_circular_ruins
Lair:1:   uniq_gastronok
Lair:2:   enter_volcano_1, lemuel_centaur_altar, uniq_urug
Lair:3:   st_stairs_9, beast_lair_carwin_3, serial_bayou_shore_a, uniq_nergalle
Lair:4:   minmay_shoals_entry_lonely_mermaid, guppyfry_snake_entry_garden,
          beast_lair_carwin_10
Lair:5:   slime_altar_1, minivault_29, grunt_megastairs_3
Lair:6:   due_jungle_book
Orc:1:    roderic_batcave
Orc:2:    grunt_orc_gardens, grunt_orc_garden, grunt_orc_garden,
          grunt_orc_garden, grunt_orc_garden, uniq_erolcha
Elf:1:    elf_arrival_001, hangedman_elven_crosses_minicolossus,
          grunt_megastairs_4, uniq_azrael, uniq_nikola, uniq_asterion

Table legend:
 A = Turns spent in this place as a percentage of turns spent in the entire game.
 B = Non-inter-level travel turns spent in this place as a percentage of non-inter-level travel turns spent in the entire game.
 C = Inter-level travel turns spent in this place as a percentage of turns spent in this place.
 D = Turns resting spent in this place as a percentage of non-inter-level travel turns spent in this place.
 E = Turns spent auto-exploring this place as a percentage of non-inter-level travel turns spent in this place.
 F = Non-inter-level travel turns spent in this place divided by the number of levels of this place that you've seen.
                   A       B       C       D       E      F
               +-------+-------+-------+-------+-------+----------------------
         Total | 100.0 | 100.0 |   4.3 |  34.9 |  35.3 | 1326.5
       Dungeon |  44.5 |  44.3 |   4.8 |  25.3 |  44.8 | 1008.2
          Lair |  36.3 |  35.8 |   5.4 |  41.4 |  31.0 | 1902.0
  Orcish Mines |   7.1 |   7.3 |   1.2 |  36.7 |  29.4 | 1161.5
   Elven Halls |  12.1 |  12.5 |   1.2 |  49.6 |  17.9 | 1992.5
               +-------+-------+-------+-------+-------+----------------------

Table legend:
 A = Kills in this place as a percentage of kills in entire the game.
 B = Kills by you in this place as a percentage of kills by you in the entire game.
 C = Kills by friends in this place as a percentage of kills by friends in the entire game.
 D = Other kills in this place as a percentage of other kills in the entire game.
 E = Experience gained in this place as a percentage of experience gained in the entire game.
 F = Experience gained in this place divided by the number of levels of this place that you have seen.
                   A       B       C       D       E      F
               +-------+-------+-------+-------+-------+----------------------
         Total | 100.0 | 100.0 |   N/A | 100.0 | 100.0 | 8258.0
       Dungeon |  46.4 |  46.2 |   N/A |  80.0 |  23.1 | 3276.4
          Lair |  25.1 |  25.2 |   N/A |   0.0 |  31.7 | 10466.0
  Orcish Mines |  16.4 |  16.5 |   N/A |   0.0 |  11.8 | 11721.0
   Elven Halls |  12.1 |  12.0 |   N/A |  20.0 |  33.3 | 33042.5
               +-------+-------+-------+-------+-------+----------------------
